[Event "*** Titled Tuesday 3|2 Blitz"]
[Site "Chess.com"]
[Date "2017.03.07"]
[Round "5"]
[White "PaulfromSPb"]
[Black "oskariot"]
[Result "1-0"]
[WhiteElo "2535"]
[BlackElo "2408"]
[TimeControl "180+2"]
[EndTime "14:05:58 PST"]
[Termination "PaulfromSPb won by resignation"]

1. e4 c5 2. Ne2 d6 3. g3 Nc6 4.
Bg2 g6 5. c3 Bg7 6. d3 Nf6 7. O-O O-O 8. h3 Rb8 9. Be3 b5 10. d4 cxd4 11. cxd4 b4 12. Nd2 Ba6 13. Re1 Qd7 14. Rc1 Rfc8 15. f4 d5 16. e5 Ne4 17.
Nxe4 dxe4 18. Bxe4 Bxe2 19. Rxe2 Qxh3 20. Rxc6 Qxg3+ 21. Kf1 Rxc6 22. Bxc6 Rc8 23. Bg2 h5 24. Qe1 Qg4 25. Rf2 h4 26. Qe2 Qf5 27. Kg1 Qb1+ 28.
Kh2 Qxa2 29. f5 gxf5 30. Rxf5 Qe6 31. Rg5 Kf8 32. Bh3 1-0

[Event "*** Titled Tuesday 3|2 Blitz"]
[Site "Chess.com"]
[Date "2017.03.07"]
[Round "5"]
[White "GulamaliRises"]
[Black "Saitama_Hero"]
[Result "0-1"]
[WhiteElo "2486"]
[BlackElo "2237"]
[TimeControl "180+2"]
[EndTime "14:06:04 PST"]
[Termination "Saitama_Hero won by resignation"]

1. Nf3 Nf6 2. c4 e6 3. g3 a6 4.
Bg2 b5 5. b3 Bb7 6. O-O c5 7. Bb2 Be7 8. Nc3 Qb6 9. Qc2 Nc6 10.
e3 O-O 11. Rac1 Rac8 12. Rfd1 Rfd8 13. d3 d5 14. Ne2 bxc4 15. bxc4 Nb4 16. Qb1 dxc4 17.
Bxf6 Bxf6 18. dxc4 Qa5 19. Ng5 Bxg5 20. Bxb7 Rb8 21.
Rxd8+ Qxd8 22. Rd1 Qa5 23. Bc6 Nxc6 0-1

[Event "*** Titled Tuesday 3|2 Blitz"]
[Site "Chess.com"]
[Date "2017.03.07"]
[Round "5"]
[White "Rbrrt"]
[Black "Wolverine_master"]
[Result "1-0"]
[WhiteElo "2068"]
[BlackElo "1943"]
[TimeControl "180+2"]
[EndTime "14:06:06 PST"]
[Termination "Rbrrt won on time"]

1. e4 d5 2. exd5 Qxd5 3. Nc3 Qd6 4. g3 Nf6 5. Bg2 a6 6. Nf3 e5 7. O-O Nc6 8. Re1 Bg4 9. h3 Bh5 10. g4 Bg6 11. d3 O-O-O 12. Bg5 Be7 13. Qe2 h6 14. Bc1 Nd4 15. Nxd4 exd4 16. Qxe7 Rhe8 17.
Qxd6 Rxe1+ 18. Bf1 Rxd6 19. Ne2 Re6 20. Nxd4 Re8 21.
b3 h5 22. g5 Nd5 23. Bb2 Nf4 24. h4 1-0

[Event "*** Titled Tuesday 3|2 Blitz"]
[Site "Chess.com"]
[Date "2017.03.07"]
[Round "5"]
[White "Dlugy"]
[Black "Robin-Side"]
[Result "1-0"]
[WhiteElo "2665"]
[BlackElo "2461"]
[TimeControl "180+2"]
[EndTime "14:06:25 PST"]
[Termination "Dlugy won on time"]

1. d4 g6 2. e4 Bg7 3. Nf3 e6 4.
Bg5 Ne7 5. Qd2 h6 6. Be3 d5 7. Nc3 dxe4 8. Nxe4 Nd5 9. O-O-O Nc6 10. Kb1 Bd7 11. Nc5 b6 12. Nxd7 Qxd7 13. Bb5 a6 14. Ba4 b5 15. Bb3 Nxe3 16. Qxe3 Na5 17. Ne5 Qe7 18. Qc3 b4 19. Ba4+ Kf8 20. Nxg6+ fxg6 21. Qf3+ Kg8 22. Qxa8+ Kh7 23. Qxa6 1-0

[Event "*** Titled Tuesday 3|2 Blitz"]
[Site "Chess.com"]
[Date "2017.03.07"]
[Round "5"]
[White "GMCanty"]
[Black "Jadeit90"]
[Result "1-0"]
[WhiteElo "2333"]
[BlackElo "2150"]
[TimeControl "180+2"]
[EndTime "14:06:39 PST"]
[Termination "GMCanty won by resignation"]

1. e4 c5 2. c3 g5 3. d4 Bg7 4.
Bxg5 cxd4 5. cxd4 Qb6 6. Nf3 Qxb2 7. Nbd2 Nc6 8. Rb1 Qa3 9. Nc4 Qa6 10. Nd6+ exd6 11.
Bxa6 bxa6 12. O-O Nf6 13. e5 dxe5 14. dxe5 Ne4 15. Qd5 Nc3 16. Qd6 Nxb1 17. Nd4 Bf8 18. Qf6 Ne7 19. Qxh8 Nc3 20. Bxe7 Kxe7 21. Nf5+ Ke6 22.
Qf6+ Kd5 23. Qxf7+ Kxe5 24. Qxf8 Bb7 25. Qc5+ Nd5 26.
Ne3 1-0

[Event "*** Titled Tuesday 3|2 Blitz"]
[Site "Chess.com"]
[Date "2017.03.07"]
[Round "5"]
[White "Grootneus"]
[Black "FrankieJay"]
[Result "1-0"]
[WhiteElo "2156"]
[BlackElo "2270"]
[TimeControl "180+2"]
[EndTime "14:06:55 PST"]
[Termination "Grootneus won by resignation"]

1. e4 c5 2. b4 cxb4 3. a3 d5 4.
exd5 Qxd5 5. Nf3 e5 6. axb4 Bxb4 7. c3 Be7 8. Na3 Nc6 9. Nb5 Qd8 10. d4 exd4 11. Bf4 Be6 12. Nc7+ Kf8 13. Nxa8 Qxa8 14. cxd4 Nf6 15. Bb5 Nd5 16. Bd2 Ncb4 17. O-O a6 18. Ne5 Qc8 19. Rc1 Qd8 20. Ba4 Bd6 21.
Bb3 Qh4 22. Bxb4 Nxb4 23. Bxe6 1-0

[Event "*** Titled Tuesday 3|2 Blitz"]
[Site "Chess.com"]
[Date "2017.03.07"]
[Round "5"]
[White "Andrejkin"]
[Black "SCIM"]
[Result "1-0"]
[WhiteElo "2261"]
[BlackElo "2313"]
[TimeControl "180+2"]
[EndTime "14:07:05 PST"]
[Termination "Andrejkin won by resignation"]

1. c4 g6 2. Nc3 c5 3. g3 Nc6 4.
Bg2 Bg7 5. a3 e6 6. Rb1 a5 7. Nh3 Nge7 8. Nf4 O-O 9. O-O b6 10.
d3 Bb7 11. e4 Nd4 12. h4 f5 13.
h5 g5 14. h6 Bxh6 15. Nh3 Ng6 16. Qh5 Bg7 17. Nxg5 h6 18. exf5 Bxg2 19. Qxg6 hxg5 20. Kxg2 Rxf5 21. Ne4 Qf8 22. Rh1 Rxf2+ 23. Nxf2 Qf3+ 24. Kf1 Qe2+ 25. Kg1 Nf3+ 26. Kg2 Ne1+ 27. Rxe1 Qxe1 28.
Bxg5 Qxb1 29. Bf6 1-0

[Event "*** Titled Tuesday 3|2 Blitz"]
[Site "Chess.com"]
[Date "2017.03.07"]
[Round "5"]
[White "Ginger_GM"]
[Black "pedromartinez91"]
[Result "1-0"]
[WhiteElo "2496"]
[BlackElo "2344"]
[TimeControl "180+2"]
[EndTime "14:07:11 PST"]
[Termination "Ginger_GM won by resignation"]

1. d4 d5 2. c4 e6 3. Nc3 Be7 4.
Nf3 Nf6 5. Bf4 O-O 6. e3 Nbd7 7. Qc2 c5 8. O-O-O cxd4 9. exd4 dxc4 10. Bxc4 Nb6 11.
Bb3 Nbd5 12. Be5 b5 13. Ng5 g6 14. h4 Nxc3 15. bxc3 Nd5 16. Nxh7 Kxh7 17. h5 f5 18.
hxg6+ Kxg6 19. Qe2 Bg5+ 20. Kb2 Nf6 21. f4 Bh6 22.
Qf3 Rh8 23. Qxa8 Bg7 24. Rxh8 Qxh8 25. Qf3 Bd7 26. d5 exd5 27. Bxd5 Ng4 28. Bf7+ Kxf7 1-0

[Event "*** Titled Tuesday 3|2 Blitz"]
[Site "Chess.com"]
[Date "2017.03.07"]
[Round "5"]
[White "Keranke"]
[Black "ER404"]
[Result "1-0"]
[WhiteElo "2721"]
[BlackElo "2226"]
[TimeControl "180+2"]
[EndTime "14:07:15 PST"]
[Termination "Keranke won on time"]

1. d4 Nf6 2. Bf4 g6 3. h3 Bg7 4. Nf3 O-O 5. e3 d6 6. Be2 b6 7. O-O Bb7 8. Nbd2 Nbd7 9. Bh2 Ne4 10. Nxe4 Bxe4 11. Nd2 Bb7 12. a4 c5 13. c3 e5 14.
dxc5 bxc5 15. e4 f5 16. Nc4 d5 17. Nd6 Qb6 18. Nxb7 Qxb7 19. Qxd5+ Qxd5 20. exd5 Rab8 21. Ra2 Nb6 22. a5 Nc8 23. Rb1 Nd6 24. b4 f4 25.
Rab2 c4 26. Rc2 e4 27. h4 h5 28. g4 Rb5 29. Rd1 1-0

[Event "*** Titled Tuesday 3|2 Blitz"]
[Site "Chess.com"]
[Date "2017.03.07"]
[Round "5"]
[White "Cecile_Haussernot"]
[Black "escher"]
[Result "1-0"]
[WhiteElo "2275"]
[BlackElo "2099"]
[TimeControl "180+2"]
[EndTime "14:07:17 PST"]
[Termination "Cecile_Haussernot won by resignation"]

1. e4 c5 2. d3 Nc6 3. g3 e5 4. Bg2 Nf6 5. Nf3 d6 6. O-O Be6 7. Re1 Qc7 8. c3 Be7 9. d4 cxd4 10. cxd4 exd4 11. Na3 a6 12. Nxd4 Nxd4 13. Qxd4 O-O 14. Bf4 Nh5 15. Rac1 Qd7 16. Red1 Nxf4 17. gxf4 Rfd8 18. Rd3 Bf6 19. Qb6 Rac8 20. Rcd1 Rc6 21. Qb4 Qc7 22. e5 Be7 23. Bxc6 bxc6 24. Nc4 d5 25.
Qa5 Qd7 26. Rg3 Bh4 27. Nb6 Qe7 28. Qa3 Qc7 29. Rb3 Bh3 30. Rxh3 1-0

[Event "*** Titled Tuesday 3|2 Blitz"]
[Site "Chess.com"]
[Date "2017.03.07"]
[Round "5"]
[White "WanderingPuppet"]
[Black "JaimeSantosLatasa"]
[Result "0-1"]
[WhiteElo "2339"]
[BlackElo "2585"]
[TimeControl "180+2"]
[EndTime "14:07:21 PST"]
[Termination "JaimeSantosLatasa won by resignation"]

1. e4 c5 2. Nf3 d6 3. Bb5+ Nd7 4.
O-O a6 5. Bxd7+ Bxd7 6. d4 cxd4 7. Qxd4 Rc8 8. Nc3 e5 9. Qd3 h6 10. Be3 Nf6 11. Rfd1 Be7 12. Nd2 b5 13. a4 b4 14. Na2 a5 15. c3 Bxa4 16. b3 Bc6 17. cxb4 O-O 18. bxa5 Qxa5 19. Nc3 Qb4 20. Nc4 Qxb3 21.
Ra3 Bxe4 22. Nxe4 Qxd3 23. Raxd3 Nxe4 24. Nb6 Rcd8 25. Nd5 Bg5 26. f3 Bxe3+ 27. Rxe3 Nf6 28. Ne7+ Kh7 29. Nc6 Rd7 30. Nb4 Re8 31. Red3 Re6 32. h3 h5 33. Nc6 d5 34. Re1 Rxc6 0-1

[Event "*** Titled Tuesday 3|2 Blitz"]
[Site "Chess.com"]
[Date "2017.03.07"]
[Round "5"]
[White "Schemato"]
[Black "EmeseBalogh"]
[Result "1-0"]
[WhiteElo "2276"]
[BlackElo "1985"]
[TimeControl "180+2"]
[EndTime "14:07:27 PST"]
[Termination "Schemato won by resignation"]

1. c4 e5 2. g3 Nc6 3. Nc3 d6 4. Bg2 g6 5. e4 Bg7 6. Nge2 Nge7 7. d3 O-O 8. O-O Be6 9. Nd5 Qd7 10. Bg5 f6 11. Be3 Rf7 12. Qd2 f5 13.
f3 Raf8 14. Rad1 Bxd5 15. cxd5 Nd8 16. Rc1 c6 17. dxc6 bxc6 18. f4 c5 19. fxe5 Bxe5 20. d4 cxd4 21. Nxd4 fxe4 22. Rxf7 Rxf7 23. Bxe4 Ne6 24.
Nf3 Bg7 25. Ng5 Nxg5 26. Bxg5 Qg4 27. Bg2 Bd4+ 28. Be3 Bxe3+ 29. Qxe3 Nf5 30. Rc8+ Kg7 31. Qc3+ Nd4 32. h3 Qd1+ 33. Kh2 Rf2 34. Rc7+ Kh6 35. Qe3+ 1-0

[Event "*** Titled Tuesday 3|2 Blitz"]
[Site "Chess.com"]
[Date "2017.03.07"]
[Round "5"]
[White "Abdodi"]
[Black "Outsmiter"]
[Result "1-0"]
[WhiteElo "2022"]
[BlackElo "2080"]
[TimeControl "180+2"]
[EndTime "14:07:30 PST"]
[Termination "Abdodi won by resignation"]

1. d4 d6 2. c4 e5 3. dxe5 dxe5 4.
Qc2 Nc6 5. e3 Nf6 6. a3 a5 7. Nc3 Be6 8. Nf3 h6 9. Be2 Be7 10. O-O O-O 11. Rd1 Qc8 12. Nd5 Re8 13.
b3 b6 14. Bb2 e4 15. Nxe7+ Nxe7 16. Nd4 Bd7 17. Rd2 Qb7 18. Rad1 Ng6 19. c5 Bg4 20. Bxg4 Nxg4 21. c6 Qc8 22. Nb5 Re7 23. Rd7 N4e5 24.
Bxe5 Nxe5 25. Rxe7 Nd3 26. Rd7 1-0

[Event "*** Titled Tuesday 3|2 Blitz"]
[Site "Chess.com"]
[Date "2017.03.07"]
[Round "5"]
[White "DeviatkinAndrey"]
[Black "Chesstrainer1"]
[Result "1-0"]
[WhiteElo "2516"]
[BlackElo "2328"]
[TimeControl "180+2"]
[EndTime "14:07:34 PST"]
[Termination "DeviatkinAndrey won by resignation"]

1. d4 Nf6 2. Bg5 e6 3. e3 c5 4.
Nd2 cxd4 5. exd4 Nc6 6. c3 Be7 7. Ngf3 h6 8. Bf4 b6 9. Bd3 Bb7 10. h3 Nd5 11. Bh2 f5 12. Qe2 O-O 13. O-O Bf6 14.
a3 g5 15. Rad1 Qe7 16. Rfe1 Qg7 17. Nc4 Rad8 18. Nd6 Ba8 19. Ne5 Kh8 20. Qh5 Bxe5 21. dxe5 Nf4 22. Bxf4 gxf4 23. f3 Rg8 24. Nf7+ Kh7 25.
Bxf5+ exf5 26. Qxf5+ Qg6 27. Qxg6+ Kxg6 28. Nxd8 Rxd8 29. e6 dxe6 30. Rxe6+ Kg5 31. Rxd8 Nxd8 32. Re8 1-0

[Event "*** Titled Tuesday 3|2 Blitz"]
[Site "Chess.com"]
[Date "2017.03.07"]
[Round "5"]
[White "Hunninn"]
[Black "popov_m"]
[Result "1/2-1/2"]
[WhiteElo "2429"]
[BlackElo "2405"]
[TimeControl "180+2"]
[EndTime "14:07:37 PST"]
[Termination "Game drawn by agreement"]

1. d4 Nf6 2. Nf3 g6 3. Bf4 Bg7 4. e3 d6 5. h3 O-O 6. Be2 c5 7. c3 Nc6 8. Nbd2 cxd4 9. exd4 e5 10. dxe5 dxe5 11. Nxe5 Nxe5 12. Bxe5 Re8 13. Bxf6 Qxf6 14. O-O Bf5 15. Nf3 Rad8 16. Nd4 Qb6 17. Bc4 Qxb2 18. Qb3 Qxb3 19. axb3 Bxd4 20. cxd4 a6 21. Rfd1 b5 22. Bf1 Rd6 23. Rd2 Red8 24. Rda2 Rxd4 25. Rxa6 Rd1 26.
g4 Be6 27. Rxd1 Rxd1 28. Kg2 Bd5+ 29. f3 Rb1 30. Rb6 Rxb3 31. Rxb5 Bxf3+ 32. Kf2 Rxb5 33. Bxb5 Bd5 34. g5 Kg7 35. Kg3 h6 36. h4 hxg5 37. hxg5 Kf8 38. Kf4 Ke7 39. Bd3 Kd6 40. Bc2 Bc4 41.
Be4 Be6 42. Bc2 1/2-1/2

[Event "*** Titled Tuesday 3|2 Blitz"]
[Site "Chess.com"]
[Date "2017.03.07"]
[Round "5"]
[White "morphy1984"]
[Black "MyleneFarmer"]
[Result "1-0"]
[WhiteElo "2491"]
[BlackElo "2367"]
[TimeControl "180+2"]
[EndTime "14:07:40 PST"]
[Termination "morphy1984 won by checkmate"]

1. e4 c5 2. Nf3 d6 3. d4 cxd4 4.
Nxd4 Nf6 5. Nc3 g6 6. Be3 Bg7 7.
f3 O-O 8. Qd2 Nc6 9. Bc4 Bd7 10.
O-O-O Rc8 11. Bb3 Nxd4 12. Bxd4 a5 13. a3 b5 14. Nd5 Nxd5 15. Bxg7 Kxg7 16. exd5 Kg8 17.
h4 Bf5 18. g4 a4 19. Bxa4 Bxg4 20. fxg4 bxa4 21. h5 Qb6 22. Rde1 Rc4 23. hxg6 fxg6 24. Rxe7 Rf2 25. Re8+ Kf7 26. Re2 Rxe2 27. Qxe2 Qc5 28.
Qe6+ Kg7 29. Qe7+ Kg8 30. Qxh7+ Kf8 31. Rf1+ Ke8 32. Qg8+ Ke7 33. Rf7# 1-0

[Event "*** Titled Tuesday 3|2 Blitz"]
[Site "Chess.com"]
[Date "2017.03.07"]
[Round "5"]
[White "Zhani-Z"]
[Black "chito89"]
[Result "0-1"]
[WhiteElo "2326"]
[BlackElo "2532"]
[TimeControl "180+2"]
[EndTime "14:07:45 PST"]
[Termination "chito89 won on time"]

1. e4 d6 2. d4 Nf6 3. Nc3 g6 4.
Bc4 Bg7 5. Qe2 e5 6. dxe5 dxe5 7. Nf3 Qe7 8. Bg5 c6 9. a4 O-O 10.
a5 Nbd7 11. O-O Nc5 12. Rfd1 h6 13. Bh4 Ne6 14. Bxe6 Qxe6 15. Nd2 Nh5 16. Bg3 Rd8 17. Nc4 Rd4 18. b3 Bd7 19. Na4 Qe7 20. c3 Nxg3 21.
hxg3 Rxd1+ 22. Rxd1 Be6 23. b4 Rd8 24. Rxd8+ Qxd8 25. Nc5 Bc8 26. Qd3 Qxd3 27. Nxd3 f5 0-1

[Event "*** Titled Tuesday 3|2 Blitz"]
[Site "Chess.com"]
[Date "2017.03.07"]
[Round "5"]
[White "Makalexa"]
[Black "cheese111"]
[Result "1-0"]
[WhiteElo "2132"]
[BlackElo "2246"]
[TimeControl "180+2"]
[EndTime "14:07:46 PST"]
[Termination "Makalexa won by checkmate"]

1. e4 d5 2. exd5 Nf6 3. Nc3 Nxd5 4. Bc4 Nb6 5. Bb3 Nc6 6. Nf3 e5 7. O-O Bc5 8. Re1 O-O 9. d3 Bg4 10. Ne4 Be7 11. h3 Bh5 12. Ng3 Bxf3 13. Qxf3 Kh8 14. Nf5 a5 15. Qg4 Bf6 16. a3 g6 17. Nh6 Kg7 18.
Nf5+ Kh8 19. Nh6 Qe7 20. Be3 Bg7 21. h4 f5 22. Qg5 Bf6 23. Qg3 f4 24. Bxf4 exf4 25.
Rxe7 fxg3 26. Nf7+ Kg7 27. Rxc7 gxf2+ 28. Kf1 a4 29. Ng5+ Kh6 30. Rxh7# 1-0

[Event "*** Titled Tuesday 3|2 Blitz"]
[Site "Chess.com"]
[Date "2017.03.07"]
[Round "5"]
[White "workhard91"]
[Black "silverback96"]
[Result "1-0"]
[WhiteElo "2234"]
[BlackElo "2069"]
[TimeControl "180+2"]
[EndTime "14:07:50 PST"]
[Termination "workhard91 won by resignation"]

1. e4 e6 2. d4 d5 3. Nc3 Bb4 4. e5 c5 5. Bd2 cxd4 6. Nb5 Bxd2+ 7. Qxd2 Nc6 8. Nf3 Nge7 9. Nbxd4 Qb6 10. O-O-O Bd7 11. Kb1 Ng6 12. h4 Ngxe5 13. Nxe5 Nxe5 14. Qg5 Nc4 15. Bxc4 dxc4 16. Rhe1 h6 17. Qxg7 O-O-O 18. Qf6 Ba4 19. b3 Rd5 20. Nf3 Rxd1+ 21. Rxd1 Rd8 22. Qxd8+ Qxd8 23. Rxd8+ Kxd8 24. bxa4 f6 25. Kb2 Kd7 26.
Kc3 Kc6 27. Kxc4 b6 28. Nd4+ Kd6 29. Nb5+ Kc6 30. Nxa7+ Kb7 31. Nb5 Kc6 32. Kd4 Kd7 33.
c3 Kc6 34. f4 Kd7 35. h5 Kc6 36. g4 Kd7 37. c4 Kc6 38. a3 Kd7 39. c5 Kc6 40. cxb6 Kxb6 41. g5 e5+ 42. Ke4 fxg5 43. fxg5 1-0

[Event "*** Titled Tuesday 3|2 Blitz"]
[Site "Chess.com"]
[Date "2017.03.07"]
[Round "5"]
[White "Noukii"]
[Black "rithwik2002"]
[Result "1-0"]
[WhiteElo "2645"]
[BlackElo "1798"]
[TimeControl "180+2"]
[EndTime "14:07:59 PST"]
[Termination "Noukii won by resignation"]

1. d4 Nf6 2. c4 e6 3. Nf3 d5 4. g3 Bb4+ 5. Bd2 Be7 6. Bg2 c6 7.
O-O O-O 8. Na3 Nbd7 9. Rc1 Ne4 10. Be3 Ndf6 11. Ne5 Qb6 12. Qc2 h6 13. f3 Ng5 14.
c5 Qc7 15. Bf4 Qa5 16. Nb1 Ngh7 17. Nc3 Nd7 18. Nd3 Nhf6 19. b4 Qd8 20. Rcd1 Nh5 21.
Bc1 Bf6 22. e3 g5 23. Nf2 e5 24. Ng4 Bg7 25. dxe5 Nxe5 26. Nxe5 Bxe5 27. f4 Bg7 28. e4 d4 29. Ne2 Bg4 30. e5 Bxe2 31. Qxe2 f6 32.
Qxh5 fxe5 33. fxg5 1-0

[Event "*** Titled Tuesday 3|2 Blitz"]
[Site "Chess.com"]
[Date "2017.03.07"]
[Round "5"]
[White "eldur16"]
[Black "arna"]
[Result "1-0"]
[WhiteElo "2336"]
[BlackElo "2255"]
[TimeControl "180+2"]
[EndTime "14:08:00 PST"]
[Termination "eldur16 won by checkmate"]

1. c4 e5 2. g3 Nf6 3. Bg2 d5 4.
cxd5 Nxd5 5. Nf3 Nc6 6. O-O Be7 7. d4 e4 8. Ne5 Nxe5 9. dxe5 f5 10. exf6 Nxf6 11.
Nc3 Qxd1 12. Rxd1 Bf5 13. Nb5 Kf7 14. Nxc7 Rac8 15. Bf4 g5 16. Be5 Rhd8 17. Nb5 a6 18.
Nc3 e3 19. fxe3 Ke6 20. Bd4 b5 21. a3 h6 22. h3 Bg6 23. g4 Rd7 24. Rf1 Rdc7 25. Rad1 Rd7 26. Kh1 Rcd8 27. Bc6 Rd6 28. Bf3 R6d7 29. Kg2 Rc8 30. e4 Rb8 31. e5 Ne8 32. e3 Nc7 33. Ne4 Nd5 34. Rc1 Rc7 35. Nf6 Rxc1 36. Bxd5# 1-0

[Event "*** Titled Tuesday 3|2 Blitz"]
[Site "Chess.com"]
[Date "2017.03.07"]
[Round "5"]
[White "tjallkompall"]
[Black "capatl"]
[Result "1-0"]
[WhiteElo "2473"]
[BlackElo "2332"]
[TimeControl "180+2"]
[EndTime "14:08:04 PST"]
[Termination "tjallkompall won by resignation"]

1. c4 e6 2. Nc3 d5 3. e3 Nf6 4.
Nf3 Be7 5. b3 O-O 6. Bb2 b6 7.
d4 Bb7 8. Bd3 dxc4 9. bxc4 c5 10.
O-O Nc6 11. d5 Nb4 12. e4 Ba6 13. Be2 exd5 14. exd5 Bc8 15. a3 Na6 16. Ne5 Bb7 17. Bd3 Nc7 18. f4 Nce8 19. Rf3 Nd6 20. Rh3 g6 21. f5 Nd7 22. fxg6 fxg6 23. Bxg6 Nxe5 24. Qh5 Rf7 25. Qxe5 Bf6 26. Bxf7+ Nxf7 27. Qg3+ Kh8 28. Rf1 Ng5 29. Rxf6 Nxh3+ 30. Qxh3 1-0

[Event "*** Titled Tuesday 3|2 Blitz"]
[Site "Chess.com"]
[Date "2017.03.07"]
[Round "5"]
[White "politeplayer"]
[Black "Beca95"]
[Result "0-1"]
[WhiteElo "2123"]
[BlackElo "2684"]
[TimeControl "180+2"]
[EndTime "14:08:13 PST"]
[Termination "Beca95 won on time"]

1. e4 g6 2. d4 Bg7 3. Nc3 d6 4.
f4 a6 5. Nf3 b5 6. e5 Bb7 7. e6 fxe6 8. Ng5 Qd7 9. Bd3 Nc6 10.
O-O Nxd4 11. Be3 Nf5 12. Qe2 h6 13. Nf3 Nf6 14. Rae1 b4 15. Nd1 Ng4 16. Bd2 e5 17. h3 Ng3 18. Bxg6+ Kd8 19. Qd3 e4 20. Bxe4 Nxe4 21.
Rxe4 Nf6 22. Rxb4 Bc6 23. Rd4 Bxf3 24. Qxf3 Rb8 25. Bc3 Rb5 26. Ne3 Ke8 27. Re1 Kf7 28. Rc4 c5 29. Bxf6 Bxf6 30. Ng4 Bxb2 31. Qd5+ e6 32.
Qh5+ Kg7 33. f5 exf5 34. Ne3 Rf8 35. Rf4 Bd4 36. Rxd4 cxd4 37. Nf1 Re5 0-1

[Event "*** Titled Tuesday 3|2 Blitz"]
[Site "Chess.com"]
[Date "2017.03.07"]
[Round "5"]
[White "kikydu96"]
[Black "MatBobula"]
[Result "1-0"]
[WhiteElo "2319"]
[BlackElo "2272"]
[TimeControl "180+2"]
[EndTime "14:08:17 PST"]
[Termination "kikydu96 won by resignation"]

1. e4 e6 2. d4 d5 3. Nc3 Bb4 4. e5 c5 5. a3 Bxc3+ 6. bxc3 Ne7 7. Qg4 O-O 8. h4 Nbc6 9. Nh3 f5 10. exf6 Rxf6 11.
Bg5 e5 12. Qd1 Rf5 13. Bd3 e4 14. Be2 Qa5 15. O-O Qxc3 16. Bg4 Rf8 17. dxc5 Qxc5 18. Nf4 h6 19. Be6+ Kh8 20. Qh5 Rxf4 21. Bxc8 d4 22.
Qe8+ Kh7 23. Bxf4 Rxc8 24. Qf7 Qxc2 25. Rac1 Qb2 26. Rb1 Qxa3 27. Rxb7 Qc5 28. Rc1 Qf5 29. Rxe7 Nxe7 30. Qxf5+ Nxf5 31. Rxc8 d3 32. Re8 Nd4 33. Rxe4 Ne2+ 34. Kf1 d2 35. Kxe2 1-0

[Event "*** Titled Tuesday 3|2 Blitz"]
[Site "Chess.com"]
[Date "2017.03.07"]
[Round "5"]
[White "RoelandPruijssers"]
[Black "VMikhalevski"]
[Result "0-1"]
[WhiteElo "2500"]
[BlackElo "2552"]
[TimeControl "180+2"]
[EndTime "14:08:18 PST"]
[Termination "VMikhalevski won by resignation"]

1. e4 e5 2. Nf3 Nc6 3. Bb5 a6 4. Ba4 Nf6 5. O-O Nxe4 6. d4 b5 7. Bb3 d5 8. dxe5 Be6 9. c3 Bc5 10.
Qd3 O-O 11. Nbd2 f5 12. exf6 Nxf6 13. Bc2 Kh8 14. Nb3 Bd6 15. Bg5 Bg8 16. a4 b4 17. h3 Qe8 18. Rae1 Qh5 19. Bd1 Ne4 20. Be3 Qg6 21. Nfd4 Ne5 22. Qe2 c5 23. Nc2 Nf3+ 24.
Kh1 Nh4 25. Qg4 Qxg4 26. hxg4 d4 27. Bxd4 Bxb3 28. Rxe4 cxd4 29. Rxd4 Bc5 30. Rd2 bxc3 31. bxc3 Rad8 32. Nd4 Bxd1 33. Rfxd1 Rde8 34. g3 Nf3 35. Nxf3 Rxf3 36. Rd8 Rg8 37. Rxg8+ Kxg8 38. Rd5 Rxc3 39. f4 0-1

[Event "*** Titled Tuesday 3|2 Blitz"]
[Site "Chess.com"]
[Date "2017.03.07"]
[Round "5"]
[White "olomi007"]
[Black "oggy1984"]
[Result "1-0"]
[WhiteElo "2486"]
[BlackElo "2354"]
[TimeControl "180+2"]
[EndTime "14:08:18 PST"]
[Termination "olomi007 won on time"]

1. e4 e5 2. Nf3 Nc6 3. Bb5 a6 4.
Ba4 Nf6 5. O-O Be7 6. Re1 b5 7. Bb3 d6 8. c3 Na5 9. Bc2 c5 10. d4 Qc7 11. Nbd2 O-O 12. Nf1 Bg4 13. d5 Rfe8 14.
h3 Bh5 15. b3 c4 16. b4 Nb7 17.
a4 Nd7 18. g4 Bg6 19. Ng3 Nb6 20. a5 Nd7 21. Be3 Qd8 22. Kh2 h6 23. Qd2 Nf8 24. Nf5 Nh7 25. Rg1 Bg5 26. h4 Bxe3 27. Qxe3 Bxf5 28.
gxf5 Qf6 29. Rg4 Kh8 30. Rag1 Rg8 31. Kh3 Nd8 32. Nh2 Qe7 33. Qxh6 Qf6 34. Qe3 Nb7 35. R4g3 Qh6 36. Qb6 Nd8 37. Ng4 Qh5 38. Qxd6 1-0

[Event "*** Titled Tuesday 3|2 Blitz"]
[Site "Chess.com"]
[Date "2017.03.07"]
[Round "5"]
[White "plouarzel"]
[Black "Rating-Schmating"]
[Result "1-0"]
[WhiteElo "2345"]
[BlackElo "2266"]
[TimeControl "180+2"]
[EndTime "14:08:21 PST"]
[Termination "plouarzel won by resignation"]

1. d4 Nf6 2. c4 e6 3. Nc3 Bb4 4. e3 c5 5. Bd3 b6 6. Nf3 Nc6 7. O-O Bxc3 8. bxc3 d6 9. e4 e5 10. h3 O-O 11. Be3 Re8 12. d5 Na5 13.
Nd2 Ba6 14. Qe2 Qd7 15. a4 h6 16. f4 exf4 17. Bxf4 Qe7 18. Qf3 Nd7 19. Qg3 Ne5 20. Bxh6 f6 21. Be2 Naxc4 22. Nf3 Nxf3+ 23. Rxf3 Qf7 24. Raf1 Nd2 25. Bxa6 Nxf3+ 26. gxf3 Re5 27. Kh2 g5 28. f4 Rxe4 29. fxg5 f5 30. g6 Qf6 31. Bd3 Re5 32. Bf4 Rxd5 33. Bc4 1-0

[Event "*** Titled Tuesday 3|2 Blitz"]
[Site "Chess.com"]
[Date "2017.03.07"]
[Round "5"]
[White "David_Klein"]
[Black "ShimanovAlex"]
[Result "0-1"]
[WhiteElo "2438"]
[BlackElo "2647"]
[TimeControl "180+2"]
[EndTime "14:08:22 PST"]
[Termination "ShimanovAlex won on time"]

1. e4 c6 2. d4 d5 3. Nd2 dxe4 4.
Nxe4 Nf6 5. Nxf6+ exf6 6. c3 Bd6 7. Bd3 O-O 8. Ne2 Re8 9. Qc2 h6 10. O-O Qc7 11. Ng3 Nd7 12. Bh7+ Kh8 13. Bf5 b5 14. Bd2 Bb7 15. Rae1 c5 16. Be4 Bxg3 17. hxg3 c4 18. Bf4 Qb6 19. Bf5 Qc6 20. f3 Nb6 21. Qc1 h5 22. Kf2 g6 23. Bc2 Nd5 24. Bd2 f5 25.
Bf4 Kg7 26. Bh6+ Kg8 27. Qg5 Qf6 28. Qxf6 Nxf6 29. Bf4 Nd5 30. Bd6 Re6 31. Rxe6 fxe6 32. g4 hxg4 33. fxg4 Nf6 34. gxf5 gxf5 35. g3 Kf7 36. Ke3 Rh8 37. Be5 Rh2 38. Bb1 Nd5+ 39. Kf3 Nxc3+ 40. Kf4 Rxb2 0-1

[Event "*** Titled Tuesday 3|2 Blitz"]
[Site "Chess.com"]
[Date "2017.03.07"]
[Round "5"]
[White "Malev212"]
[Black "B-man"]
[Result "1-0"]
[WhiteElo "2471"]
[BlackElo "2492"]
[TimeControl "180+2"]
[EndTime "14:08:25 PST"]
[Termination "Malev212 won on time"]

1. d4 Nf6 2. c4 c5 3. d5 e6 4. Nc3 exd5 5. cxd5 d6 6. Nf3 g6 7.
Nd2 a6 8. a4 Bg7 9. e4 O-O 10.
Be2 Re8 11. O-O Nbd7 12. Re1 h5 13. h3 Nh7 14. Qc2 Ne5 15. Bf1 Qh4 16. g3 Qd8 17. f4 h4 18. fxe5 Bxe5 19. g4 f5 20. exf5 Bd4+ 21.
Kg2 Rxe1 22. Nf3 Re8 23. fxg6 Nf8 24. Nxd4 cxd4 25. Ne2 Qf6 26. Nf4 Bd7 27. Bd3 Rac8 28. Qf2 b5 29. axb5 Bxb5 30. Bxb5 axb5 31. Nh5 Qxf2+ 32.
Kxf2 Rc2+ 33. Kf3 Nd7 34. Bf4 Rxb2 35. Ra7 Rb3+ 36. Kf2 Rc8 37. Rxd7 Rc2+ 38. Bd2 Rxd2+ 39. Ke1 1-0

[Event "*** Titled Tuesday 3|2 Blitz"]
[Site "Chess.com"]
[Date "2017.03.07"]
[Round "5"]
[White "vpantev"]
[Black "macko06"]
[Result "1-0"]
[WhiteElo "2460"]
[BlackElo "2330"]
[TimeControl "180+2"]
[EndTime "14:08:28 PST"]
[Termination "vpantev won by resignation"]

1. d4 Nf6 2. Nf3 e6 3. g3 Be7 4. Bg2 O-O 5. O-O d5 6. c4 dxc4 7. Nbd2 b5 8. a4 c6 9. Ne5 Nd5 10. Ne4 Bb7 11. h4 Nd7 12. Nf3 a6 13. Qc2 N5f6 14.
Nxf6+ Nxf6 15. b3 cxb3 16. Qxb3 Qd5 17. Qc2 c5 18. Ne1 Qd7 19. Bxb7 Qxb7 20. dxc5 Rac8 21. Nd3 Ne4 22. axb5 Qxb5 23. Be3 Bf6 24. Rfb1 Qd7 25. Rxa6 Nc3 26. Rb3 Nd5 27. Bd2 Qc7 28. Rba3 Bd4 29. Kg2 Qb7 30. c6 Qb5 31. R3a5 Qb8 32. Qc4 Bf6 33. h5 h6 34. Nf4 Qb2 35. Nxd5 exd5 36. Qd3 d4 37. Bf4 Rfe8 38. Ra2 Qb5 39. Qxb5 1-0